 Dungeon Crawl Stone Soup version 0.26-b1-32-g5d43845318 (webtiles) character file.

Game seed: 15372770862905369159

115 Borgoz the Cudgeller (level 5, 0/45 HPs)
             Began as a Ghoul Gladiator on Jan 13, 2021.
             Slain by a gnoll
             ... wielding a +0 halberd
              (13 damage)
             ... on level 3 of the Dungeon.
             The game lasted 00:01:36 (3104 turns).

Borgoz the Cudgeller (Ghoul Gladiator)              Turns: 3104, Time: 00:01:37

Health: 0/45       AC:  4    Str: 18    XL:     5   Next: 0%
Magic:  4/4        EV: 12    Int:  3    God:
Gold:   156        SH:  0    Dex: 11    Spells: 4/4 levels left

rFire    . . .     SeeInvis .   a - +0 flail
rCold    + . .     Faith    .   (no shield)
rNeg     + + +     Spirit   .   b - +0 leather armour
rPois    ∞         Reflect  .   c - +0 helmet
rElec    .         Harm     .   (no cloak)
rCorr    .         Rampage  .   (no gloves)
Will     .....                  (no boots)
Stlth    +.........             (no amulet)
HPRegen  0.00/turn              (no ring)
MPRegen  0.09/turn              (no ring)

@: no status effects
A: claws 1, cold resistance 1, negative energy resistance 3, inhibited
regeneration, torment resistance, unbreathing
a: no special abilities


You were on level 3 of the Dungeon.
You visited 1 branch of the dungeon, and saw 3 of its levels.

You collected 156 gold pieces.

Inventory:

Hand Weapons
 a - a +0 flail (weapon)
Missiles
 d - 2 throwing nets (quivered)
Armour
 b - a +0 leather armour (worn)
 c - a +0 helmet (worn)
Scrolls
 e - 2 scrolls of blinking {unknown}
 f - 3 scrolls of identify {unknown}
 g - a scroll of fear {unknown}
 j - 2 scrolls of enchant weapon {unknown}
 m - a scroll of enchant armour {unknown}
 o - 2 scrolls of remove curse {unknown}
 r - a scroll of teleportation {unknown}
Potions
 h - a potion of flight {unknown}
 i - a potion of mutation {unknown}
 k - 2 potions of curing {unknown}
 l - a potion of degeneration {unknown}
 n - a potion of might {unknown}
 p - a potion of haste {unknown}
 q - a potion of invisibility {unknown}
 s - a potion of brilliance {unknown}


   Skills:
 + Level 3.2 Fighting
 + Level 3.4 Maces & Flails
 - Level 1.7 Throwing
 + Level 1.7 Armour
 + Level 3.3 Dodging


You had 4 spell levels left.
You didn't know any spells.
Your spell library was empty.

Dungeon Overview and Level Annotations

Branches:
Dungeon (3/15)

Altars:
Dithmenos
Vehumet


Innate Abilities, Weirdness & Mutations

You thrive by killing the living.
You are immune to poison.
You have sharp fingernails.
Your flesh is cold resistant. (rC+)
You are immune to negative energy. (rN+++)
You do not regenerate when monsters are visible.
You are immune to unholy pain and torment.
You can survive without breathing.


Message History

* * * LOW HITPOINT WARNING * * *
You are too injured to fight recklessly!
You are too injured to fight recklessly!
Throw: 3 throwing nets
Press: ? - help, Q - select action Shift-Dir - straight line, f - gnoll
Aim: a gnoll, wielding a +0 club (heavily wounded)
You throw a throwing net. The throwing net hits the gnoll.
The gnoll is caught in the net!
The gnoll is heavily wounded.
You barely miss the gnoll.
The gnoll is heavily wounded.
The gnoll struggles against the net. x2
You hit the gnoll.
You kill the gnoll!
You have reached level 5!
You feel stronger. 2 gnolls come into view.
The gnoll shouts!
You hear a shout!
The gnoll hits you from afar with a +0 halberd!
You die...

# # #........... #
#...........# #
#...........# #
#...........# ##
####...........+ g#
'.##...........# g#
#.##)..........##.#
#..#............@.#
.......>..####.####
<#..###.######.#
.#...##........#
.#...##..#######
...#.##....#
..##.##.##.#
.....##.##.#
...#..#.##.#


You could see 2 gnolls.

Vanquished Creatures
  A gnoll (D:3)
  4 adders
  An ooze (D:1)
  A worm (D:2)
  A dart slug (D:2)
  A leopard gecko (D:3)
  3 orcs (D:3)
  5 bats
  3 giant cockroaches (D:2)
  8 goblins
  7 hobgoblins
  2 jackals (D:2)
  2 quokkas
  2 ball pythons (D:2)
  4 frilled lizards
  6 kobolds
  4 rats
55 creatures vanquished.

Notes
Turn   | Place    | Note
-------+----------+-------------------------------------------
     0 | D:1      | Borgoz the Ghoul Gladiator began the quest for the Orb.
     0 | D:1      | Reached XP level 1. HP: 17/17 MP: 0/0
   245 | D:1      | Reached XP level 2. HP: 25/25 MP: 1/1
  1346 | D:2      | Reached XP level 3. HP: 29/30 MP: 2/2
  1385 | D:2      | Reached skill level 1 in Armour
  2104 | D:2      | Found a radiant altar of Vehumet.
  2104 | D:2      | Found a shadowy altar of Dithmenos.
  2119 | D:2      | Reached XP level 4. HP: 37/37 MP: 3/3
  3104 | D:3      | Reached XP level 5. HP: 13/45 MP: 4/4
  3104 | D:3      | Slain by a gnoll

Illustrated notes

Levels and vault maps discovered:
D:1:      amcnicky_arrival_feature_with_door, layout_loops_ring,
          chequers_arboretum
D:2:      layout_basic, gammafunk_temple_overflow_wave, minmay_pentomino_x2
D:3:      layout_basic

Skill      XL: |  1  2  3  4 |
---------------+-------------+-----
Maces & Flails | 3 |  3.4
Dodging        | 3 |  3.3
Armour         | 1 |  1.7
Fighting       | 3 |  3.2
Throwing       | |  1.7

Action                   |  1- 3 |  4- 6 || total
-------------------------+-------+-------++-------
Melee: Flail             |   142 |    64 ||   206
Throw: Throwing net      |       |     1 ||     1
Armor: Leather armour    |    51 |    11 ||    62
Dodge: Dodged            |   100 |    42 ||   142
